woodfighter, neutral female human Healer --- -------- --- --- --.----- |.|.|..| --..- --.--|......-- ---- |......-- |... |....|-..)...| --..|-------- --......--- --..- --....--...<.-- |...--..--..----.|......| |...| ---- |............| --...........|...|...[.----d@- |..| |......---.--- ---....|...^..............aa| --..---|-.....------- --...---.....---.--------->| |.....--..%.........| |...-- |--....-------..| |.| |.............-----.--- ----- |.......--.--...| |.- --...........-- |...| ---.--...........-- |. ---...---.--- ---.------ |..*|*.........--- --- |-.-- --- |...|-.-----.............-- --(.| ---.|...|.........--.....| |..-| |.....^.)---....--....-- |...-- --...%...--........---- ---....| |.................| |......| |.................| |......| --......|.......--- --.----- -----.---.------ --- --- --- woodfighter the Embalmer Experience level: 8 Strength: 13 Dexterity: 10 Constitution: 18 Intelligence: 10 Wisdom: 16 Charisma: 18 Health: 0(71) Energy: 2(60) Def: 8 Gold: 0 Moves: 9283 Dungeon seed: PPqPKn0qgAJguzRL Game ID: woodfighter_1505240378 Your Inventory: Amulets d - an uncursed amulet of reflection (being worn) Weapons a - a blessed +2 orcish spear named Spear of Yendor (weapon in hand) q - 33 +0 darts (in quiver) Armor e - an uncursed +1 pair of leather gloves (being worn) g - an uncursed +0 robe (being worn) n - an uncursed +1 studded leather armor (being worn) z - an uncursed +0 dwarvish cloak Comestibles j - 5 blessed eucalyptus leaves k - 3 blessed sprigs of wolfsbane l - 3 blessed cloves of garlic m - 7 uncursed apples p - 6 uncursed lichen corpses v - 5 uncursed food rations x - an uncursed cram ration A - 2 uncursed tripe rations M - 3 uncursed magic beanses P - an uncursed pancake S - 2 uncursed fortune cookies T - an uncursed cream pie U - an uncursed candy bar V - 2 uncursed cloves of garlic Spellbooks D - an uncursed spellbook of create familiar Rings r - an uncursed ring of slow digestion (on left hand) Wands f - a wand of sleep (0:7) B - a wand of secret door detection (0:15) C - a wand of digging (0:4) W - a wand of lightning (0:4) Z - a wand of striking (0:0) Tools b - an uncursed stethoscope y - an uncursed lock pick L - a +0 pick-axe Q - a +0 unicorn horn Spells and supernatural/magical abilities: Name Level Category Fail Memory h - healing 1 healing 0% 54% x - extra healing 3 healing 0% 54% S - stone to flesh 3 healing 0% 54% W - pray for help -- divine ? -- Your skills at the end: Miscellaneous Skills wands [Basic] Weapon Skills knife [Basic] spear [Basic] Spellcasting Skills healing spells [Basic] Final Attributes: You were devoutly aligned. You were poison resistant. Your writing hand was ok. You were telepathic. You had slower digestion. You were fast. You had reflection. You are dead. Vanquished creatures: 3 giant mimics a large mimic a quantum mechanic 2 small mimics a large dog 3 wolves 3 gnome kings an orc mummy a gold golem a housecat a jaguar 3 dwarf lords a white unicorn 3 human zombies a rope golem 2 soldier ants 2 bugbears an imp a baby crocodile a rock mole a rock piercer 2 ponies 2 fog clouds a shrieker 8 gnome lords a kobold mummy a black naga hatchling a golden naga hatchling an elf zombie a straw golem a paper golem 2 giant ants a puppy a floating eye 2 kittens 8 dwarves a kobold lord 7 iguanas 2 rothes a rabid rat a centipede 3 jitterbugs a giant bat 2 monkeys an orc zombie 4 dwarf zombies 7 killer bees 2 gas spores 3 hobbits an acid blob 3 geckos 5 hobgoblins 3 giant rats 2 cave spiders a brown mold a yellow mold 3 green molds 3 red molds 27 gnomes 7 garter snakes 2 gnome zombies 15 jackals 3 kobolds 9 newts 5 goblins 8 sewer rats 12 grid bugs 4 bats 10 lichens 3 kobold zombies 229 creatures vanquished. Voluntary challenges: You did not cause conflict. You were not invisible. You did not have reflection until turn 6103. You were not displaced. You had been an atheist until turn 2066. You used a wielded weapon 368 times, starting on turn 85. You did not apply a unicorn horn. You did not use plumbed fixtures. You did not drink any magical draughts. You read items or engraved 1 time, starting on turn 2720. You never genocided any monsters. You never polymorphed an object. You never changed form. You completed Sokoban on turn 6029, according to the rules. You used no wishes. You never split a pudding. You never wrote Elbereth's name. You never violated your personal moral code. Dungeon overview: The Dungeons of Doom: levels 1 to 7 Level 1 a long staircase Level 2 a fountain Level 3 a sink Level 4 stairs to The Gnomish Mines Level 5 many fountains Level 6 an altar to Athena stairs to Sokoban Level 7 The Gnomish Mines: levels 5 to 8 Level 5 stairs to The Dungeons of Doom Level 6 Level 7 many shops, a temple to Athena, a magic chest, some trees Level 8 <- You were here Sokoban: levels 2 to 5 Level 2 a magic chest Level 3 a sink Level 4 Level 5 an altar to Athena, a magic chest stairs to The Dungeons of Doom History has recorded: On T:1 you entered the Dungeons of Doom to retrieve the Amulet of Yendor! On T:279 you advanced to experience level 2. On T:325 you reached level 2 of The Dungeons of Doom. On T:381 you advanced to experience level 3. On T:789 you reached level 3 of The Dungeons of Doom. On T:991 you advanced to experience level 4. On T:1111 you reached level 4 of The Dungeons of Doom. On T:1168 you reached level 1 of The Gnomish Mines. On T:1527 you reached level 5 of The Dungeons of Doom. On T:1872 you advanced to experience level 5. On T:1982 you reached level 6 of The Dungeons of Doom. On T:2134 you reached level 7 of The Dungeons of Doom. On T:2257 you reached level 4 of Sokoban. On T:2718 you opened a magic chest. On T:3654 you reached level 3 of Sokoban. On T:4110 you advanced to experience level 6. On T:4399 you reached level 2 of Sokoban. On T:4981 you reached level 1 of Sokoban. On T:6000 you advanced to experience level 7. On T:6029 you advanced to experience level 8. On T:6029 you entered the Sokoban zoo. On T:6757 you reached level 2 of The Gnomish Mines. On T:7249 you reached level 3 of The Gnomish Mines. On T:7394 you reached level 4 of The Gnomish Mines. On T:7996 you prayed to Hermes. On T:8490 you entered the Minetown temple Score breakdown: Gold: 0 ( 0 points) Experience: 8 levels ( 700 points) Exploration: 8 levels ( 210 points) Discoveries: 19 items ( 950 points) Variety of kills: 70 monsters ( 2000 points) Major goal: finished Sokoban ( 1000 points) Survival: died (score multiplied by 3) Total score: 14580 Latest messages: The soldier ant bites! The soldier ant stings! The large dog drops a pair of hard shoes. The large dog bites the soldier ant. The soldier ant misses the large dog. The soldier ant stings the large dog. The large dog bites the soldier ant. The soldier ant bites the large dog. The soldier ant stings the large dog. The soldier ant's sting was poisoned! The large dog is killed! The soldier ant bites! The soldier ant just misses! You feel better. The soldier ant bites! The soldier ant stings! The large dog misses the soldier ant. The soldier ant bites! The soldier ant stings! The soldier ant bites! The soldier ant stings! The soldier ant's sting was poisoned, but it doesn't affect you. The large dog misses the soldier ant. The soldier ant bites! You die... Final status: Goodbye woodfighter the Healer, killed by a soldier ant... You died in The Gnomish Mines on dungeon level 8 with 14580 points, and 0 pieces of gold, after 9283 moves. You were level 8 with a maximum of 71 hit points when you died.